 Dungeon Crawl Stone Soup version 0.32-a0-918-g0f22ef8d61 (webtiles) character file.

Game seed: 14929329929986917536

696 jlumianski the Chopper (level 7, -4/52 HPs)
             Began as a Coglin Gladiator on Apr 10, 2024.
             Killed by divine providence
             ... invoked by an orc priest
              (12 damage)
             ... on level 5 of the Dungeon.
             The game lasted 00:17:41 (3559 turns).

jlumianski the Chopper (Coglin Gladiator)           Turns: 3559, Time: 00:17:41

Health: -4/52      AC: 12    Str: 17    XL:     7   Next: 64%
Magic:  7/7        EV:  5    Int:  7    God:
Gold:   236        SH:  0    Dex: 15    Spells: 6/6 levels left

rFire   . . .        a - +0 war axe {Ilse}
rCold   . . .        o - +2 short sword (elec) {Prasit}
rNeg    . . .        n - +0 plate armour
rPois   .            c - +0 helmet
rElec   .            (no cloak)
rCorr   .            (no gloves)
SInv    .            (no boots)
Will    .....        (amulet unavailable) Stlth
                     (ring unavailable)
HPRegen 0.28/turn    (ring unavailable)
MPRegen 0.10/turn    (no gizmo)

%: no passive effects
@: no status effects
A: off-hand wielding, slow wielding, warmup strikes, no jewellery
a: Invent Gizmo, Convert to Beogh


You were on level 5 of the Dungeon.
You visited 1 branch of the dungeon, and saw 5 of its levels.
You also visited: Sewer.

You collected 236 gold pieces.

Inventory:

Hand Weapons
 a - a +0 war axe (weapon) {Ilse}
 f - a +0 dagger {Jabu}
 g - a +1 dagger of draining {Somchai}
 k - a +1 dagger of holy wrath
 o - a +2 short sword of electrocution (offhand) {Prasit}
 z - a +2 dagger of speed
Missiles
 d - 3 throwing nets
 e - a javelin
 y - 10 poisoned darts (quivered)
Armour
 b - a +0 leather armour
 c - a +0 helmet (worn)
 l - a +0 scale mail
 n - a +0 plate armour (worn)
Wands
 s - a wand of iceblast (5)
Scrolls
 p - a scroll of noise {unknown}
 t - a scroll of blinking
 v - a scroll of fog {unknown}
 w - a scroll of revelation {unknown}
 x - a scroll of torment {unknown}
Potions
 h - a potion of haste
 j - 2 potions of mutation
 m - 2 potions of attraction {unknown}
 q - a potion of berserk rage {unknown}
 u - a potion of brilliance {unknown}
Miscellaneous
 r - a sack of spiders


   Skills:
 + Level 3.5 Fighting
 + Level 2.8 Short Blades
 + Level 5.8 Axes
 + Level 2.1 Throwing
 + Level 3.2 Armour
 - Level 3.2 Dodging


You had 6 spell levels left.
You didn't know any spells.
Your spell library contained the following spells:

 Spells                   Type           Power      Damage    Failure   Level
 Ensorcelled Hibernation  Hex/Ice        0%         N/A       100%        2
 Fugue of the Fallen      Necr           0%         N/A       100%        3
 Tukima's Dance           Hex            0%         N/A       100%        3
 Anguish                  Hex/Necr       0%         N/A       100%        4
 Leda's Liquefaction      Alch/Erth      0%         N/A       100%        4
 Passage of Golubria      Tloc           0%         N/A       100%        4
 Petrify                  Alch/Erth      0%         N/A       100%        4
 Metabolic Englaciation   Hex/Ice        0%         N/A       100%        5
 Yara's Violent Unravell  Hex/Alch       0%         3d3       100%        5


Dungeon Overview and Level Annotations

Branches:
Dungeon (5/15)              Sewer (visited)
 Temple: D:4-7

Altars:

Annotations:
D:2 1 runed translucent door, Crazy Yiuf
D:5 2 transporters, jfitz's ghost, novice DsBe


Innate Abilities, Weirdness & Mutations

You can wield a second weapon in your off-hand.
It takes a long time for you to wield or remove held weapons.
Your first few attacks do less damage.
You cannot equip rings or amulets.


Message History

You hit the orc priest but do no damage.
The orc priest is almost dead.
You closely miss the orc priest with your +0 war axe.
The orc priest threatens, "Beogh's wrath is as vast as their mercy.
Make your choice!" The orc priest hits you with a +0 mace!
* * * LOW HITPOINT WARNING * * *
You hit the orc priest with your +2 short sword of electrocution.
You kill the orc priest!
You hit the iguana with your +0 war axe.
The iguana is lightly wounded.
You hit the iguana with your +2 short sword of electrocution.
The iguana bites you but does no damage.
You barely miss the iguana with your +2 short sword of electrocution.
The iguana is moderately wounded.
You hit the iguana with your +0 war axe.
The iguana bites you!
* * * LOW HITPOINT WARNING * * *
You feel much better. The iguana barely misses you.
You hit the iguana with your +0 war axe.
The iguana is almost dead.
You completely miss the iguana with your +2 short sword of electrocution.
The iguana bites you.
You hit the iguana with your +2 short sword of electrocution.
Lightning courses through the iguana!
You kill the iguana!
Items here: ) [ ††.
Items here: )) [[ †.
Items here: ) [ ††.
Found a stone staircase leading up.
You hear the brisk hiss of a distant avalanche of sand.
An orc priest comes into view. It is wielding a +0 short sword.
The orc priest shouts!
The orc priest invokes the aid of Beogh against you.
Beogh smites you!
The orc priest mumbles some strange prayers to Beogh against you.
Beogh smites you!
* * * LOW HITPOINT WARNING * * *
The orc priest mumbles some strange prayers to Beogh against you.
Beogh smites you!
You die...

##### #...#
#..##
#######.##
........#
###...#.#
##..#.# .
#.@..# ..
#.#..#
......#.##
<...###o##
#.........#
#.........#
#....###.##
###...##.#
# #..#)# #


You could see an orc priest.

Vanquished Creatures
  A water moccasin (D:5)
  An ice beast (D:5)
  A bullfrog (Sewer)
  A hound (D:3)
  3 orc priests
  A sleepcap (D:5)
  Jessica (D:2)
  An iguana (D:5)
  2 orc wizards (D:3)
  6 adders
  A ribbon worm (D:2)
  4 dart slugs
  13 orcs
  12 ball pythons
  7 endoplasms
  8 giant cockroaches
  8 goblins
  5 hobgoblins
  10 jackals
  6 kobolds
  6 quokkas
  7 bats
  6 frilled lizards
  5 rats
116 creatures vanquished.

Notes
Turn   | Place    | Note
-------+----------+-------------------------------------------
     0 | D:1      | jlumianski the Coglin Gladiator began the quest for the
                  | Orb.
     0 | D:1      | Reached XP level 1. HP: 16/16 MP: 1/1
   197 | D:1      | Reached XP level 2. HP: 22/22 MP: 2/2
   291 | D:1      | Reached XP level 3. HP: 27/27 MP: 3/3
   881 | D:3      | Reached XP level 4. HP: 5/34 MP: 4/4
  1011 | D:3      | Reached skill level 1 in Short Blades
  1011 | D:3      | Reached skill level 4 in Axes
  1011 | D:3      | Reached skill level 1 in Armour
  1101 | D:3      | Reached XP level 5. HP: 37/39 MP: 5/5
  1335 | D:3      | Found a glowing drain.
  1358 | Sewer    | Entered a sewer
  1643 | Sewer    | Reached XP level 6. HP: 22/46 MP: 6/6
  1822 | D:2      | Found a runed translucent door.
  1823 | D:2      | Noticed Crazy Yiuf
  2446 | D:2      | Found a faded altar of an unknown god.
  2454 | D:2      | Noticed Jessica
  2462 | D:2      | Killed Jessica
  2617 | D:2      | Reached skill level 5 in Axes
  3302 | D:5      | Entered Level 5 of the Dungeon
  3302 | D:5      | Noticed jfitz's ghost (novice DsBe)
  3302 | D:5      | Noticed a water moccasin
  3302 | D:5      | Found a transporter.
  3302 | D:5      | Found a transporter.
  3306 | D:5      | Noticed an ice beast
  3309 | D:5      | Killed a water moccasin
  3310 | D:5      | Reached XP level 7. HP: 37/52 MP: 7/7
  3530 | D:5      | HP: 1/52 [iguana (9)]
  3559 | D:5      | Killed from afar by an orc priest

Illustrated notes

Levels and vault maps discovered:
D:1:      nicolae_arrival_somewhat_less_tricky_arrival, layout_loops_ring
D:2:      layout_basic, shapermc_ecumenical_altar_mp_ritualfount,
          corexii_item_surrounded_by_moat, uniq_jessica, uniq_crazy_yiuf_cottage
D:3:      layout_loops_ring, portal_sewer_entry_b
D:4:      old_forge, layout_cave_pools, grunt_temple_overflow_open
D:5:      layout_rooms, amcnicky_altar_gilded, tgw_trog,
          lightli_ossuary_entry_decrepit_ruins, gammafunk_ghost_smash,
          minmay_statues_item, kennysheep_big_empty_room,
          kennysheep_generic_room_11

Skill      XL: |  1  2  3  4  5  6  7 |
---------------+----------------------+-----
Dodging        | 3 |  3.2
Short Blades   | 1 2 |  2.8
Axes           | 4 5 |  5.8
Armour         | 1 2 3 |  3.2
Fighting       | 3 |  3.5
Throwing       | 2 |  2.1

Action                     |  1- 3 |  4- 6 |  7- 9 || total
---------------------------+-------+-------+-------++-------
  Melee: War axe           |    52 |   136 |    20 ||   208
         Dagger            |    51 |    14 |       ||    65
         Short sword       |       |   124 |    18 ||   142
  Throw: Dart              |       |     4 |       ||     4
    Use: Scroll            |       |     2 |       ||     2
         Potion            |       |     1 |     1 ||     2
 Armour: Leather armour    |     4 |       |       ||     4
         Scale mail        |    29 |       |       ||    29
         Plate armour      |     3 |   197 |    16 ||   216
  Dodge: Dodged            |    22 |    51 |     6 ||    79

Table legend: (Time is in decaauts)
 A = Elapsed time spent in this place.
 B = Non-inter-level travel time spent in this place.
 C = Inter-level travel time spent in this place.
 D = Time resting spent in this place.
 E = Time spent auto-exploring this place.
 F = Levels seen in this place.
 G = Mean time per level.
                   A        B        C        D        E       F      G
               +--------+--------+--------+--------+--------+-----+--------+
         Total |   3654 |   3583 |     71 |    334 |   1786 |   6 |  609.0 |
       Dungeon |   3204 |   3133 |     71 |    212 |   1783 |   5 |  640.8 |
         Sewer |    450 |    450 |      0 |    122 |      3 |   1 |  450.0 |
               +--------+--------+--------+--------+--------+-----+--------+

Top non-repeatable levels by time:
     D:3: 1125 daAuts
     D:2: 990 daAuts
     D:1: 727 daAuts
   Sewer: 450 daAuts
     D:4: 267 daAuts
     D:5: 93 daAuts
